cohdb
Replays
Latest Replays
All Replays
Popular Replays
Top Player Replays
Match Explorer
How It Works
Community
CoH3 Stats
Reddit
Sign in to upload your games and track your stats! →
Sign in with Steam
Match 44492168
Unlisted
Match 44492168
Overview
Messages
Build Orders
End
Vickers Machine Gun Team
Construct Section Command Post
Infantry Section
Infantry Section
Grenade Package
Construct Platoon Command Post
6-pounder Anti-tank Gun Team
Infantry Section
Selects Air and Sea Battlegroup
Selects Supply Surplus
Construct Resource Cache
Construct Resource Cache
Construct Company Command Post
Selects Commando Section Paradrop
Selects M1 Pack Howitzer Paradrop
Unlock M3 Grant Medium Tanks
Commando Section Paradrop
M3 Grant Medium Tank
M3 Grant Medium Tank
Selects Anti-tank Rocket Loiter
Construct Resource Cache
Commando Section Paradrop
Royal Engineer Section
Selects UNKNOWN (223837)
GruZ
markaren
Zero Ambition
fleimeri
Vevlex
Romulus
0
0
Comments
sign in to comment!
No comments posted yet!